 Dungeon Crawl Stone Soup version 0.31.0-11-ge490571c62 (webtiles) character file.

Game seed: 11343157485607475651

81 qw the Shooter (level 4, -1/22 HPs)
             Began as a Spriggan Hunter on Feb 3, 2024.
             Slain by an adder (3 damage)
             ... on level 2 of the Dungeon.
             The game lasted 00:00:23 (863 turns).

qw the Shooter (Spriggan Hunter)                     Turns: 863, Time: 00:00:24

Health: -1/22      AC:  2    Str:  7    XL:     4   Next: 20%
Magic:  5/5        EV: 19    Int: 10    God:
Gold:   68         SH:  0    Dex: 20    Spells: 3/3 levels left

rFire   . . .        a - +0 shortbow
rCold   . . .        (shield currently unavailable)
rNeg    . . .        c - +0 robe
rPois   .            (helmet restricted)
rElec   .            (no cloak)
rCorr   .            (gloves unavailable)
SInv    +            (boots unavailable)
Will    .....        (no amulet)
Stlth   ++           (no ring)
HPRegen 0.23/turn    (no ring)
MPRegen 0.09/turn

%: no passive effects
@: lethally poisoned (-1 -> -3), very quick
A: very small, no large weapons, unfitting armour, see invisible, speed 3
a: no special abilities


You were on level 2 of the Dungeon.
You visited 1 branch of the dungeon, and saw 2 of its levels.

You collected 68 gold pieces.


Innate Abilities, Weirdness & Mutations

You are very small and have problems with some larger weapons.
You are too small for most types of armour.
You have supernaturally acute eyesight. (SInv)
You cover ground extremely quickly. (Speed+++)


   Skills:
 - Level 1.5 Fighting
 - Level 5.0 Ranged Weapons
 + Level 4.4 Dodging
 - Level 1.5 Stealth


You had 3 spell levels left.
You didn't know any spells.
Your spell library was empty.

Inventory:

Hand Weapons
 a - a +0 shortbow (weapon)
Armour
 c - a +0 robe (worn)
Scrolls
 b - a scroll of blinking {unknown}
Potions
 e - a potion of cancellation
 f - a potion of mutation {unknown}
 g - a potion of heal wounds {unknown}
 h - 2 potions of berserk rage {unknown}

Dungeon Overview and Level Annotations

Branches:
Dungeon (2/15)

Altars:


Message History

You shoot an arrow. The arrow hits the gnoll.
The gnoll is almost dead.
The gnoll misses you. The gnoll closely misses you.
The gnoll hits you with a +0 flail. The gnoll completely misses you.
You shoot an arrow. The arrow barely misses the gnoll.
The gnoll closely misses you. The gnoll hits you with a +0 whip.
You shoot an arrow. The arrow hits the gnoll.
You kill the gnoll!
The gnoll barely misses you. The adder closely misses you.
You have reached level 4!
You shoot an arrow. The arrow barely misses the gnoll.
The adder barely misses you. The gnoll completely misses you.
You shoot an arrow. The arrow hits the gnoll.
The gnoll is almost dead.
The adder completely misses you. The gnoll closely misses you.
The adder bites you but does no damage.
You shoot an arrow.
The arrow hits the gnoll but does no damage.
The gnoll is almost dead.
The gnoll closely misses you. The adder barely misses you.
You shoot an arrow.
The arrow hits the gnoll but does no damage.
The gnoll is almost dead.
The adder bites you but does no damage. The gnoll misses you.
You shoot an arrow. The arrow hits the gnoll.
You kill the gnoll!
The adder misses you. The adder bites you.
You are poisoned.
The adder poisons you!
You shoot an arrow.
The arrow hits the adder but does no damage.
You feel sick. The adder bites you.
You shoot an arrow. The arrow barely misses the adder.
You feel sick. The adder misses you. x2
You shoot an arrow. The arrow misses the adder.
You feel sick. The adder bites you but does no damage.
You shoot an arrow. The arrow hits the adder.
The adder is moderately wounded.
You feel sick. The adder bites you.
You die...

#.#..# ...
#...#######. #...
#...........
#....##.#########
.. ##....#..### ..#
#..........#
#..####.#+#......#
##..#.)...#......#
......#@#.......)##
#>..#S#.##......#
#g....#.......#
#...#.###....(..#
###.#......#'#### #
#......#.#
#%####.#.#
#.#....#.#
#.#.##.#.#


You could see an adder.

Vanquished Creatures
  3 gnolls (D:2)
  2 dart slugs (D:1)
  3 bats
  6 endoplasms
  2 giant cockroaches (D:1)
  2 goblins (D:1)
  6 hobgoblins
  4 jackals (D:1)
  8 kobolds
  4 quokkas
  2 frilled lizards (D:2)
  2 rats (D:1)
44 creatures vanquished.

Notes
Turn   | Place    | Note
-------+----------+-------------------------------------------
     0 | D:1      | qw the Spriggan Hunter began the quest for the Orb.
     0 | D:1      | Reached XP level 1. HP: 10/10 MP: 2/2
     0 | D:1      | 0 ||| qw: Version: 0.3-a-155-g5e7d8dd
     0 | D:1      | 0 ||| qw: Game counter: 3318
     0 | D:1      | 0 ||| qw: Melee chars always use a shield: true
     0 | D:1      | 0 ||| qw: God list: Okawaru
     0 | D:1      | 0 ||| qw: Allow faded altars: false
     0 | D:1      | 0 ||| qw: Do Orc after clearing Dungeon:15 true
     0 | D:1      | 0 ||| qw: Do second Lair branch before Depths: true
     0 | D:1      | 0 ||| qw: Lair rune preference: random
     0 | D:1      | 0 ||| qw: Goals: Normal
     0 | D:1      | 0 ||| PLANNING D:1-11
    24 | D:1      | Reached skill level 3 in Dodging
    42 | D:1      | Reached XP level 2. HP: 14/14 MP: 3/3
   194 | D:1      | Found a faded altar of an unknown god.
   301 | D:1      | Reached XP level 3. HP: 16/18 MP: 4/4
   679 | D:1      | 679 ||| READING 2 scrolls labelled RIDULU GYUPPE.
   679 | D:1      | 679 ||| IDENTIFYING brown potion
   680 | D:1      | 680 ||| READING scroll of identify.
   680 | D:1      | 680 ||| IDENTIFYING bubbling clear potion
   681 | D:1      | 681 ||| DROPPING scroll of butterflies.
   682 | D:1      | 682 ||| DROPPING potion of degeneration.
   847 | D:2      | 847 ||| RETREEEEATING.
   848 | D:2      | 848 ||| RETREEEEATING.
   850 | D:2      | Reached skill level 5 in Ranged Weapons
   855 | D:2      | Reached XP level 4. HP: 10/22 MP: 5/5
   860 | D:2      | HP: 4/22 [adder (2)]
   863 | D:2      | Slain by an adder

Levels and vault maps discovered:
D:1:      enne_arrival_octagon_isle, layout_loops_ring,
          chequers_ecumenical_altar_lobes, minmay_heptomino_o4
D:2:      layout_basic

Skill      XL: |  1  2  3 |
---------------+----------+-----
Dodging        | 3 4 |  4.4
Ranged Weapons | 5 |  5.0
Fighting       | |  1.5
Stealth        | |  1.5

Action                     |  1- 3 |  4- 6 || total
---------------------------+-------+-------++-------
   Fire: Shortbow          |   112 |     9 ||   121
    Use: Scroll            |     2 |       ||     2
 Armour: Robe              |    12 |     6 ||    18
  Dodge: Dodged            |    49 |    10 ||    59

Table legend:
 A = Non-vault XP
 B = Vault XP
 C = Vault XP percentage of total XP
 D = Non-vault monster count
 E = Vault monster count
 F = Vault count percentage of total count
                 A         B        C        D         E       F
            +---------+---------+-------+---------+---------+-------
      Total |     110 |       7 |   6.0 |      40 |       4 |   9.1
            +---------+---------+-------+---------+---------+-------
        D:1 |      53 |       7 |  11.7 |      28 |       4 |  12.5
        D:2 |      57 |       0 |   0.0 |      12 |       0 |   0.0
            +---------+---------+-------+---------+---------+-------
